Map: King's Cove LE

Players

WarBird

  • Race: Terran Terran
  • League: Silver
  • Spawn Location: 5:00

CoalitionOne - Winner!

  • Race: Terran Terran
  • League: Silver
  • Spawn Location: 11:00

VOD

Have the link to the VOD?

Description

Time

  • Played on: Aug. 7, 2019, 12:56 a.m.
  • Length: 34:15
Show
View Real Time Build Order
Export as new Build Order

WarBird Terran 

Build Orders:  

Get SALT Encoding   

  12  0:01  SCV  
  13  0:13  SCV  
  14  0:24  Supply Depot  
  14  0:25  SCV  
  15  0:35  Refinery  
  15  0:46  SCV  
  15  0:48  Barracks  
  16  0:58  SCV  
  16  1:03  Supply Depot  
  17  1:21  Barracks  
  17  1:24  Barracks  
  17  1:32  Refinery  
  17  1:41  Reaper  
  18  2:10  Orbital Command  
  18  2:12  Reaper x2  
  20  2:35  Reaper  
  21  2:44  Reaper  
  22  2:50  Reaper  
  23  3:07  Reaper  
  24  3:16  Reaper  
  25  3:22  Reaper  
  26  3:41  Factory  
  26  3:47  Barracks Tech Lab  
  26  3:53  Barracks Tech Lab  
  26  3:54  Command Center  
  26  3:55  Barracks Tech Lab  
  26  4:04  SCV  
  27  4:16  SCV  
  23  4:28  SCV  
  23  4:37  Factory Tech Lab  
  23  4:38  Engineering Bay  
  23  4:40  SCV  
  23  4:42  Reaper x3  
  27  4:52  SCV  
  28  5:05  SCV  
  29  5:08  Orbital Command, Refinery  
  29  5:14  Reaper x2  
  29  5:15  Reaper  
  29  5:17  SCV  
  33  5:23  Terran Infantry Weapons Level 1  
  33  5:29  SCV  
  33  5:32  Missile Turret  
  33  5:33  Missile Turret  
  34  5:36  Supply Depot  
  34  5:37  Missile Turret  
  34  5:38  SCV  
  36  5:42  SCV  
  36  5:50  SCV  
  36  5:55  SCV  
  37  6:28  Siege Tank  
  40  6:35  Starport  
  40  6:38  Concussive Shells  
  40  6:40  Combat Shield  
  40  6:44  Marine x2  
  40  6:45  Marine  
  43  6:48  SCV x2  
  45  7:00  SCV x2  
  47  7:03  Marauder x3  
  53  7:11  Supply Depot  
  53  7:12  SCV  
  53  7:14  SCV, Siege Tank  
  58  7:24  SCV  
  58  7:25  Missile Turret  
  58  7:26  SCV  
  60  7:34  Supply Depot  
  60  7:36  SCV  
  38  7:38  SCV  
  39  7:47  Missile Turret  
  33  8:12  Missile Turret  
  33  8:18  SCV  
  34  8:20  Marine  
  34  8:21  SCV  
  36  8:30  SCV  
  36  8:33  SCV  
  38  8:39  Terran Infantry Armor Level 1  
  38  8:42  SCV, Medivac  
  38  8:44  Factory Tech Lab  
  38  8:45  SCV  
  42  8:54  SCV  
  43  8:57  SCV  
  43  8:59  Missile Turret  
  44  9:07  SCV  
  44  9:09  SCV  
  46  9:12  Medivac  
  48  9:18  Siege Tank  
  48  9:19  SCV  
  48  9:21  SCV  
  53  9:31  SCV  
  54  9:33  SCV  
  55  9:43  SCV  
  55  10:29  Starport Tech Lab  
  55  10:37  Factory  
  55  10:40  Armory  
  55  10:41  Barracks  
  55  10:52  Refinery  
  55  10:58  Missile Turret  
  55  11:15  Fusion Core  
  52  11:58  Factory Tech Lab  
  52  12:19  Starport Tech Lab  
  52  12:40  Marine  
  52  12:41  Marine  
  54  12:45  Battlecruiser  
  54  12:48  Thor  
  54  12:50  Command Center, Factory Tech Lab  
  66  12:53  Terran Vehicle Weapons Level 1  
  66  12:58  Marine x2  
  67  13:02  Armory  
  68  13:16  Marine  
  68  13:19  Missile Turret x2  
  69  13:28  Weapon Refit  
  69  13:30  Missile Turret  
  69  13:39  Missile Turret x2  
  68  13:58  Widow Mine  
  68  13:59  Widow Mine  
  68  14:00  Missile Turret  
  72  14:06  Marine x2  
  74  14:24  Marine x2  
  74  14:29  Raven  
  78  14:39  SCV x2  
  80  14:48  Missile Turret  
  80  14:51  SCV x2  
  82  15:03  SCV x2  
  82  15:15  SCV  
  82  15:16  SCV  
  84  15:28  SCV x2  
  86  15:49  SCV  
  87  15:52  SCV x2  
  89  16:01  SCV  
  90  16:04  SCV x2  
  92  16:13  SCV  
  92  16:16  Missile Turret  
  93  16:23  Refinery  
  93  16:39  Missile Turret  
  93  16:41  SCV  
  93  16:53  Thor  
  78  18:08  Supply Depot  
  78  18:11  Supply Depot  
  78  18:12  Supply Depot, Drilling Claws  
  78  18:30  Battlecruiser  
  78  18:32  Thor  
  90  18:36  Barracks Tech Lab  
  90  18:38  Barracks Reactor  
  90  18:42  Terran Infantry Weapons Level 2  
  90  18:50  Refinery  
  90  19:15  SCV x2  
  92  19:21  Command Center  
  92  19:27  SCV x2  
  94  19:39  SCV x2  
  94  19:40  Starport  
  94  19:44  Factory x2  
  94  19:45  Factory  
  96  19:47  Marine x3  
  96  19:51  SCV x2  
  96  19:52  Factory  
  101  20:03  SCV  
  102  20:31  Marine  
  102  20:33  Marine x2, SCV  
  105  20:50  Marine x2  
  101  21:42  Terran Ship Weapons Level 1  
  101  21:43  Battlecruiser  
  107  21:50  Supply Depot, Terran Infantry Weapons Level 3  
  107  22:01  Command Center  
  107  22:04  Factory Tech Lab  
  107  22:05  Factory Tech Lab  
  107  22:07  Factory Tech Lab  
  107  22:08  Factory Tech Lab  
  107  22:13  Supply Depot  
  107  22:21  SCV x2, Supply Depot  
  109  22:23  Supply Depot  
  109  22:25  Supply Depot  
  109  22:33  SCV x2  
  109  22:36  Supply Depot  
  111  22:45  SCV x2  
  111  22:47  Battlecruiser  
  119  22:57  SCV  
  108  23:14  Thor x2  
  114  23:21  Refinery  
  114  23:22  Refinery  
  114  23:31  Command Center  
  114  23:50  Planetary Fortress  
  114  23:54  Missile Turret  
  114  23:55  Missile Turret  
  114  23:58  Missile Turret  
  108  24:29  Thor x2  
  120  24:45  SCV x3  
  123  24:54  Missile Turret  
  123  24:57  SCV x3  
  126  25:09  SCV  
  126  25:11  Marine x3  
  130  25:23  Thor  
  136  25:29  Marine  
  137  25:39  Starport Tech Lab  
  137  25:40  Refinery  
  137  25:43  Refinery  
  137  25:47  Marine, SCV x4  
  142  25:59  SCV x2  
  143  26:33  Missile Turret  
  143  26:56  Missile Turret  
  143  27:01  Sensor Tower  
  143  27:05  Sensor Tower  
  143  27:08  Sensor Tower  
  143  27:12  Sensor Tower x2  
  143  27:15  Thor x3  
  149  27:17  Missile Turret  
  161  27:26  Supply Depot  
  161  27:29  Thor  
  167  27:40  Missile Turret  
  164  28:44  Missile Turret  
  164  29:05  Missile Turret  
  164  29:26  Missile Turret  
  164  29:30  Command Center  
  164  29:35  Terran Vehicle Weapons Level 2  
  164  29:37  Terran Vehicle And Ship Armor Level 1  
  164  29:40  Raven  
  164  29:41  Battlecruiser  
  172  30:11  Thor x5  
  43  32:50  Armory  
  42  33:11  SCV  
  37  33:20  Command Center  
  37  33:23  SCV  
Show
View Real Time Build Order
Export as new Build Order

CoalitionOne Terran - Winner!

Build Orders:  

Get SALT Encoding   

  12  0:03  SCV  
  13  0:15  SCV  
  14  0:32  Supply Depot  
  14  0:41  SCV, Refinery  
  15  0:54  SCV  
  16  0:58  Refinery  
  16  1:06  SCV, Barracks  
  17  1:18  SCV  
  18  1:36  SCV  
  18  1:39  Supply Depot  
  19  1:50  SCV  
  20  1:56  Engineering Bay  
  20  1:58  Marine  
  21  2:05  Orbital Command  
  21  2:06  Factory  
  21  2:16  Marine  
  21  2:19  Supply Depot  
  22  2:34  SCV  
  23  2:43  Bunker  
  23  2:45  Ghost Academy  
  23  2:47  Barracks Tech Lab  
  23  2:56  SCV  
  23  2:58  Ghost Academy  
  24  3:08  SCV  
  24  3:09  Starport  
  25  3:23  Ghost  
  25  3:26  Factory Tech Lab  
  27  3:34  Nuke  
  27  3:51  Medivac  
  27  3:52  Marine  
  23  4:26  Siege Tank  
  26  4:35  Marine  
  27  4:47  Supply Depot  
  27  5:19  Starport Reactor  
  27  5:22  Personal Cloaking  
  27  5:24  Marine  
  28  5:30  Supply Depot  
  28  5:42  Marine  
  28  5:47  SCV  
  30  5:59  SCV  
  30  6:00  Marine  
  32  6:15  Starport Reactor  
  32  6:18  Marine  
  33  6:36  Marine  
  34  6:40  Command Center  
  34  6:43  Siege Tank  
  37  6:48  Nuke  
  37  7:43  Nuke  
  37  7:44  Nuke  
  37  7:45  Viking  
  37  7:46  Viking  
  41  8:18  Ghost  
  41  8:37  Viking  
  41  8:39  SCV  
  44  8:47  Marine  
  45  8:51  SCV  
  46  9:03  SCV  
  46  9:04  Medivac  
  46  9:05  Marine  
  50  9:10  Planetary Fortress  
  50  9:11  Refinery  
  50  9:23  Marine, Missile Turret  
  50  9:41  Marine  
  51  9:46  SCV  
  52  9:58  Ghost  
  52  9:59  SCV  
  55  10:11  SCV  
  56  10:16  Siege Tank  
  56  10:19  Missile Turret  
  59  10:23  SCV  
  59  10:27  Starport  
  60  10:35  SCV  
  61  10:46  Missile Turret  
  61  10:47  SCV  
  62  10:59  SCV  
  63  11:11  SCV  
  64  11:23  SCV  
  59  12:12  Nuke x2  
  59  12:22  Viking x2  
  63  12:24  Starport Tech Lab  
  63  12:31  SCV  
  63  12:32  Missile Turret  
  63  12:36  Missile Turret  
  64  12:39  Refinery  
  64  12:43  SCV  
  65  12:52  Viking x2  
  65  12:55  SCV, Bunker  
  70  13:09  Supply Depot  
  70  13:26  Command Center  
  70  13:31  SCV, Viking x2  
  70  13:32  Supply Depot  
  75  13:43  SCV  
  75  13:46  Medivac  
  78  13:53  Ghost  
  78  13:54  Supply Depot  
  80  13:59  Missile Turret  
  81  14:02  SCV  
  81  14:15  SCV  
  81  14:16  Medivac  
  84  14:21  Ghost  
  86  14:27  SCV  
  87  14:39  SCV  
  88  14:50  Marine  
  89  15:08  Marine  
  90  15:21  Nuke x2  
  90  15:23  Viking x3  
  90  15:26  Marine  
  97  15:42  Orbital Command  
  97  15:47  Siege Tank, Refinery  
  100  15:53  Viking x3  
  106  16:00  Missile Turret  
  106  16:10  Marine  
  107  16:23  Viking  
  109  16:37  Supply Depot  
  109  16:47  Marine, SCV  
  107  16:55  Siege Tank  
  107  16:59  SCV  
  106  17:03  Supply Depot  
  106  17:04  Marine  
  107  17:11  SCV  
  108  17:22  Marine  
  100  17:23  SCV  
  94  17:35  SCV  
  95  17:40  Marine  
  95  17:43  Missile Turret  
  96  17:47  SCV  
  96  17:49  Missile Turret  
  97  17:58  Viking x2  
  97  17:59  SCV  
  102  18:11  Refinery  
  102  18:12  SCV  
  103  18:28  Viking x2  
  107  18:40  SCV  
  108  18:43  Missile Turret  
  108  18:52  SCV  
  109  18:55  Marine  
  109  18:58  Viking x2  
  114  19:04  SCV  
  114  19:05  Supply Depot  
  115  19:13  Marine  
  115  19:16  Supply Depot, SCV  
  117  19:28  Viking x2  
  117  19:29  SCV, Missile Turret  
  117  19:31  Marine  
  123  19:49  Marine  
  124  19:58  Viking x2  
  128  20:07  Marine  
  129  20:24  Ghost  
  129  20:27  Siege Tank  
  129  20:28  Viking x2  
  136  20:29  Hi-Sec Auto Tracking  
  136  20:33  Armory  
  138  20:36  Armory  
  129  20:53  Ghost  
  131  20:59  Siege Tank  
  116  21:21  Ghost  
  116  21:22  Viking x3  
  118  21:26  Terran Infantry Armor Level 1  
  118  21:42  Missile Turret  
  118  21:48  Supply Depot  
  118  21:52  Viking x3  
  124  21:58  Terran Vehicle And Ship Armor Level 1  
  124  21:59  Terran Ship Weapons Level 1  
  124  22:04  Missile Turret  
  124  22:22  Viking x3  
  128  22:52  Viking x3  
  134  23:00  Command Center  
  134  23:05  Missile Turret  
  134  23:07  Missile Turret  
  126  23:21  Terran Infantry Weapons Level 1  
  126  23:22  Viking x3  
  132  23:52  Viking x3  
  116  24:21  Planetary Fortress  
  116  24:22  Viking x3, Starport  
  122  24:24  Missile Turret  
  122  24:33  Refinery  
  122  24:38  Missile Turret  
  122  24:43  Missile Turret  
  122  24:48  Terran Ship Weapons Level 2  
  122  24:50  Terran Vehicle And Ship Armor Level 2  
  122  24:52  Ghost, Viking x3  
  130  25:00  Starport  
  130  25:03  Starport Reactor  
  130  25:12  Refinery  
  130  25:13  SCV  
  131  25:21  Ghost, Viking  
  131  25:22  Viking x2  
  131  25:25  SCV  
  140  25:37  SCV  
  141  25:49  SCV  
  142  25:51  Viking  
  142  25:52  Viking x2  
  148  26:01  SCV  
  149  26:11  Starport Reactor  
  149  26:13  Viking x2  
  153  26:21  Viking  
  153  26:22  Viking x2  
  159  26:41  Missile Turret  
  159  26:43  Viking x2  
  163  26:55  Command Center  
  163  27:16  Supply Depot  
  163  27:19  Supply Depot x2  
  163  27:21  Terran Vehicle Weapons Level 1  
  163  27:34  Terran Ship Weapons Level 3  
  163  27:37  Viking x4  
  163  27:41  Viking x3  
  163  27:43  Supply Depot  
  177  27:46  Supply Depot  
  177  27:52  Supply Depot  
  177  28:07  Supply Depot, Viking x4  
  177  28:10  Viking x3  
  191  28:16  Missile Turret  
  187  28:37  Viking x2  
  189  28:48  Viking x5  
  197  28:58  Nuke x2  
  197  29:01  Ghost  
  110  31:39  Viking x3  
  115  31:40  Viking x4  
  115  31:42  Marine  
  123  32:00  Marine  
  117  32:09  Viking x3  
  120  32:18  Marine  
  121  32:25  Siege Tank  
  120  32:36  Marine  
  114  32:43  Refinery  
  104  32:44  Planetary Fortress, Missile Turret  
  100  32:54  Marine  
  100  32:57  Siege Tank  
  100  33:12  Marine  
  99  33:22  SCV, Refinery  
  100  33:29  Marine, Siege Tank  
  104  33:35  SCV  
  105  33:47  SCV, Marine  
Tags
 
Matchup
TvT
Race
Terran
Spawn Locations
Cross Positions
Add a new tag
Caveats
  • Supply blocks, unpowered buildings, or Contaminate may cause inaccurate times.
  • Supply counts are checked every 10 seconds.